 Dungeon Crawl Stone Soup version 0.26-a0-576-gcfaa98f945 (webtiles) character file.

Game seed: 5653594720770479877

142 Descartes the Insei (level 5, -2/25 HPs)
             Began as a Vine Stalker Transmuter on Aug 22, 2020.
             Slain by Sigmund
             ... wielding a +7 vorpal scythe
              (3 damage)
             ... on level 2 of the Dungeon.
             The game lasted 00:05:02 (1971 turns).

Descartes the Insei (Vine Stalker Transmuter)       Turns: 1971, Time: 00:05:03

Health: -2/25      AC:  3    Str: 14    XL:     5   Next: 25%
Magic:  0/10       EV: 12    Int: 13    God:
Gold:   53         SH:  0    Dex: 14    Spells: 7/10 levels left

rFire    . . .     SeeInvis .     - Unarmed
rCold    . . .     Faith    .   (no shield)
rNeg     . . .     Spirit   +   c - +0 leather armour
rPois    .         Reflect  .   (helmet currently unavailable)
rElec    .         Harm     .   (no cloak)
rCorr    .                      (no gloves)
MR       .....                  (boots currently unavailable)
Stlth    ++........             (no amulet)
HPRegen  0.48/turn              (no ring)
MPRegen  0.12/turn              (no ring)

@: brilliant, appendages (expiring)
A: fangs 2, horns 2, talons 2, regeneration 1, magic shield, antimagic bite, no
potion heal 3, rot immunity
a: End Transformation


You were on level 2 of the Dungeon.
You had grown temporary horns.
You had grown temporary talons.
You visited 1 branch of the dungeon, and saw 2 of its levels.

You collected 53 gold pieces.

Inventory:

Hand Weapons
 f - a +0 hunting sling
Missiles
 a - 21 bolts
 b - 19 poisoned darts
 d - 18 sling bullets
 g - 42 stones (quivered)
Armour
 c - a +0 leather armour (worn)
 h - a scarf of shadows
Scrolls
 e - a scroll of identify
 i - a scroll of enchant armour {unknown}
 l - a scroll of enchant weapon {unknown}


   Skills:
 - Level 0.8 Fighting
 + Level 1.4 Armour
 + Level 2.3 Dodging
 + Level 2.1 Stealth
 + Level 3.4 Unarmed Combat
 + Level 3.0 Spellcasting
 + Level 2.8 Transmutations


You had 7 spell levels left.
You knew the following spells:

 Your Spells              Type           Power        Failure   Level
a - Beastly Appendage     Tmut           ##....       9%          1
b - Wereblood             Tmut           ##......     14%         2

Your spell library contained the following spells:

 Spells                   Type           Power        Failure   Level
 Spider Form              Tmut/Pois      #.........   43%         3
 Ice Form                 Ice/Tmut       #.......     85%         4
 Blade Hands              Tmut           ##........   94%         5


Dungeon Overview and Level Annotations

Branches:
Dungeon (2/15)

Altars:

Annotations:
D:2 Sigmund


Innate Abilities, Weirdness & Mutations

You have extremely sharp teeth.
Your natural rate of healing is unusually fast.
When hurt, damage is shared between your health and your magic reserves.
Your bite disrupts and absorbs the magic of your enemies.
Potions cannot restore your health.
You are immune to rotting.
You have a pair of horns on your head.
You have razor-sharp toenails.


Message History

Your transformation is almost over.
Sigmund mumbles some strange words.
Sigmund flickers and vanishes!
Deactivating autopickup; reactivate with Ctrl-A.
You closely miss something. You bite something. You drain its magic.
You feel invigorated. Something hits you!
You hit something. You hit something. You headbutt something.
Your bite misses something. Something hits you!
* * * LOW HITPOINT WARNING * * *
x2 You miss something.
Your bite misses something. Something hits you but does no damage.
Your magical contamination has completely faded away.
It was a potion of brilliance.
You feel clever all of a sudden.
You hit something but do no damage. You claw something.
Your bite misses something. Something hits you.
* * * LOW HITPOINT WARNING * * *
x2 It was a potion of curing.
That felt strangely inert.
Something hits you.
You die...

.....##........#
.....##........#
#........##
#######†..#
##..# #..# ##.##
#..# ######@##
#...).{.#
#.#####.#
#...@....
#(.###### #..#
.... ?...# ....#


There were no monsters in sight!

Vanquished Creatures
  Natasha (thrice) (D:2)
  Robin (D:2)
  A gnoll (D:1)
  3 dart slugs (D:1)
  A leopard gecko (D:1)
  6 bats
  3 giant cockroaches
  9 goblins
  7 hobgoblins (D:1)
  2 jackals (D:1)
  2 frilled lizards (D:1)
  8 kobolds
  3 rats
49 creatures vanquished.

Notes
Turn   | Place    | Note
-------+----------+-------------------------------------------
     0 | D:1      | Descartes the Vine Stalker Transmuter began the quest for
                  | the Orb.
     0 | D:1      | Reached XP level 1. HP: 9/9 MP: 4/4
   362 | D:1      | Reached XP level 2. HP: 13/14 MP: 6/6
   710 | D:1      | Reached skill level 1 in Stealth
   811 | D:1      | Reached XP level 3. HP: 17/17 MP: 7/7
  1521 | D:2      | Noticed Natasha
  1546 | D:2      | Killed Natasha
  1546 | D:2      | Reached skill level 1 in Armour
  1546 | D:2      | Gained mutation: Your natural rate of healing is unusually
                  | fast. [Vine Stalker growth]
  1546 | D:2      | Reached XP level 4. HP: 11/21 MP: 5/9
  1619 | D:2      | Noticed Natasha
  1619 | D:2      | Noticed Robin
  1653 | D:2      | Killed Natasha
  1839 | D:2      | Killed Robin
  1839 | D:2      | Reached XP level 5. HP: 22/25 MP: 7/10
  1913 | D:2      | Learned a level 2 spell: Wereblood
  1914 | D:2      | Noticed Sigmund
  1930 | D:2      | Noticed Natasha
  1938 | D:2      | Killed Natasha
  1967 | D:2      | HP: 1/25 [something (2)]
  1971 | D:2      | Slain by Sigmund

Illustrated notes

Levels and vault maps discovered:
D:1:      dpeg_arrival_chambers_temple_mockup, layout_basic,
          minmay_misc_feat_cross
D:2:      layout_basic, nicolae_overflow_crystal_walls, uniq_natasha,
          uniq_robin, uniq_sigmund

Skill      XL: |  1  2  3  4  5 |
---------------+----------------+-----
Stealth        | 1 2 |  2.1
Armour         | 1 |  1.4
Dodging        | 2 |  2.3
Spellcasting   | 3 |  3.0
Fighting       | |  0.8
Unarmed Combat | |  3.4
Transmutations | |  2.8

Action                   |  1- 3 |  4- 6 || total
-------------------------+-------+-------++-------
Melee: Unarmed           |   107 |    61 ||   168
       Bite              |    27 |    16 ||    43
       Kick              |     2 |     1 ||     3
       Punch             |     1 |     1 ||     2
       Headbutt          |       |     4 ||     4
 Cast: Beastly Appendage |     1 |     2 ||     3
  Use: Scroll            |     3 |       ||     3
       Potion            |       |     2 ||     2
 Stab: Sleeping          |     3 |       ||     3
Armor: Leather armour    |    28 |    10 ||    38
       Robe              |     1 |       ||     1
Dodge: Dodged            |    67 |    45 ||   112

Table legend: (Time is in decaauts)
 A = Elapsed time spent in this place.
 B = Non-inter-level travel time spent in this place.
 C = Inter-level travel time spent in this place.
 D = Time resting spent in this place.
 E = Time spent auto-exploring this place.
 F = Levels seen in this place.
 G = Mean time per level.
                   A        B        C        D        E       F      G
               +--------+--------+--------+--------+--------+-----+--------+
         Total |   1968 |   1944 |     24 |     26 |   1439 |   2 |  984.0 |
       Dungeon |   1968 |   1944 |     24 |     26 |   1439 |   2 |  984.0 |
               +--------+--------+--------+--------+--------+-----+--------+

Top non-repeatable levels by time:
     D:1: 1632 daAuts
     D:2: 335 daAuts
